 Dungeon Crawl Stone Soup version 0.21.1-1-g345015fe64 (webtiles) character file.

1011 Knicklaso the Cutter (level 8, 0/49 HPs)
             Began as a Halfling Skald on Apr 10, 2018.
             Was a Follower of Uskayaw.
             Slain by a wight
             ... wielding a +0 trident
              (1 damage)
             ... on level 5 of the Dungeon.
             The game lasted 00:27:17 (6585 turns).

Knicklaso the Cutter (Halfling Skald)               Turns: 6585, Time: 00:27:19

Health: 0/49       AC:  4    Str: 13    XL:     8   Next: 44%
Magic:  2/10       EV: 12    Int: 12    God:    Uskayaw [*.....]
Gold:   229        SH:  0    Dex: 14    Spells: 4/10 levels left

rFire    . . .     SeeInvis .   a - +1 dagger (venom)
rCold    + . .     Gourm    .   (shield restricted)
rNeg     . . .     Faith    .   t - +0 leather armour {rC+}
rPois    .         Spirit   .   i - +0 helmet
rElec    .         Reflect  .   q - scarf {cloud immunity}
rCorr    .         Harm     .   (no gloves)
MR       .....                  (no boots)
Stlth    ++........             (no amulet)
HPRegen  0.16/turn              (no ring)
MPRegen  0.12/turn              (no ring)

@: infused, heavily drained
A: small, mutation resistance 1
a: Stomp, Renounce Religion


You were on level 5 of the Dungeon.
You worshipped Uskayaw.
Uskayaw was noncommittal.
You were very hungry.

You visited 1 branch of the dungeon, and saw 6 of its levels.

You collected 229 gold pieces.

Inventory:

Hand Weapons
 a - a +1 dagger of venom (weapon)
 s - a +1 dagger of pain
 z - a +0 short sword of venom
Missiles
 e - 110 stones (quivered)
Armour
 i - a +0 helmet (worn)
 q - a scarf of cloud immunity (worn)
 t - a +0 leather armour of cold resistance (worn)
Wands
 n - a wand of digging (7)
Scrolls
 f - 3 scrolls of enchant weapon {unknown}
 l - a scroll of amnesia
 o - a scroll of enchant armour {unknown}
 u - 2 scrolls of blinking {unknown}
 v - a scroll of remove curse {unknown}
 w - 2 scrolls of identify
 y - a scroll of fear {unknown}
 B - a scroll of vulnerability {unknown}
Potions
 h - a potion of agility {unknown}
 j - a potion of curing
 k - a potion of magic {unknown}
 m - a potion of mutation {unknown}
 r - a potion of flight {unknown}
 x - a potion of lignification {unknown}
 A - a potion of haste {unknown}
Books
 c - a book of Battle

   Spells                             Type                      Level
   a - Infusion                       Charms                       1
   b - Shroud of Golubria             Charms/Translocation         2
   c - Song of Slaying                Charms                       2
   d - Spectral Weapon                Hexes/Charms                 3
   e - Regeneration                   Charms/Necromancy            3
 g - a book of Minor Magic

   Spells                             Type                      Level
   a - Magic Dart                     Conjuration                  1
   b - Blink                          Translocation                2
   c - Call Imp                       Summoning                    2
   d - Slow                           Hexes                        2
   e - Conjure Flame                  Conjuration/Fire             3
   f - Mephitic Cloud                 Conjuration/Poison/Air       3
Comestibles
 d - 8 rations


   Skills:
 - Level 1.7(0.0) Fighting
 * Level 7.8(5.2) Short Blades
 - Level 1.1(0.0) Armour
 - Level 2.1(0.0) Dodging
 + Level 5.0(2.6) Stealth
 - Level 1.5(0.0) Spellcasting
 - Level 2.0(0.0) Hexes
 + Level 5.8(3.3) Charms


You had 4 spell levels left.
You knew the following spells:

 Your Spells              Type           Power        Failure   Level  Hunger
a - Infusion              Chrm           #...         11%         1    ##.....
b - Spectral Weapon       Hex/Chrm       #.......     54%         3    ####...
c - Song of Slaying       Chrm           #.......     17%         2    ###....


Dungeon Overview and Level Annotations

Branches:
Dungeon (6/15)
 Temple: D:4-7

Altars:
Elyvilon
Gozag
Kikubaaqudgha
Makhleb
Sif Muna
Uskayaw
Vehumet
Wu Jian
Xom
Yredelemnul
Zin

Shops:
D:5 :

Annotations:
D:2 Sigmund
D:4 2 transporters, Menkaure; htuhola's ghost, amateur FeBe
D:5 exclusion: statue


Innate Abilities, Weirdness & Mutations

You are small and have problems with some larger weapons.
You are somewhat resistant to further mutation.


Message History

You feel better. The wight barely misses you. The wight closely misses you.
You barely miss the wight.
The wight is heavily damaged.
Your spectral weapon hits the wight.
The wight hits you with an enchanted mace.
You hit the wight.
The wight is severely damaged.
Your spectral weapon hits the wight but does no damage.
The wight hits you with a trident!
* * * LOW HITPOINT WARNING * * *
You feel drained.
* * * LOW HITPOINT WARNING * * *
You strike the helpless wight from behind!
You puncture the wight!
You destroy the wight!
Your base Stealth skill increases to level 5!
The wight hits you with a trident.
* * * LOW HITPOINT WARNING * * *
You feel drained.
You die...

........# #...##.##.#.##..###.#.#
........# #...##.##.#.##........#
........# #...##....#.........#..
........# #...##.######.#########
........# #....#.#<..............
........# #....#.#####.##########
........# ####...#...#...........
........#######z)#.#.#.....#.#...
........#....##(@#.#.#.....#...##
........#....#####.#.#.....#.#.#.
........#..........#.'.....#.#...
........####.......###.....#.#.#.
........# #.......# ##)#'##.<.##
........# #.......####.#.##.....
........# #...........)#.##...##
........# ############.#.##..###
........# ########.#.##..# #


You could see a wight and a friendly spectral dagger of venom.

Vanquished Creatures
  Edmund (D:5)
  Duvessa (D:5)
  A sky beast (D:5)
  An ice beast (D:5)
  Dowan (D:5)
  A wight (D:5)
  A crimson imp (D:4)
  2 orc priests
  6 orc wizards
  A hound (D:4)
  A worker ant (D:5)
  Robin (D:3)
  4 gnolls (D:4)
  5 adders
  An adder skeleton (D:5)
  2 worms
  3 leopard geckos
  11 orcs
  A ball python (D:2)
  3 bats (D:3)
  3 giant cockroaches
  16 goblins
  10 hobgoblins
  5 jackals (D:1)
  5 quokkas
  2 frilled lizards
  A jackal skeleton (D:5)
  4 kobolds
  A leopard gecko skeleton (D:4)
  9 rats
104 creatures vanquished.

Notes
Turn   | Place    | Note
-------+----------+-------------------------------------------
     0 | D:1      | Knicklaso the Halfling Skald began the quest for the Orb.
     0 | D:1      | Reached XP level 1. HP: 14/14 MP: 3/3
   129 | D:1      | Reached XP level 2. HP: 7/19 MP: 0/4
   339 | D:1      | Reached skill level 3 in Short Blades
   466 | D:1      | Reached skill level 1 in Stealth
   729 | D:1      | Reached XP level 3. HP: 15/24 MP: 1/5
  1028 | D:2      | Found a shimmering altar of Xom.
  1030 | D:2      | Noticed an angel
  1037 | D:2      | Found a glowing silver altar of Zin.
  1063 | D:2      | Noticed Sigmund
  1370 | D:2      | Reached XP level 4. HP: 29/29 MP: 3/6
  1790 | D:2      | Reached skill level 4 in Short Blades
  2117 | D:3      | Noticed Robin
  2182 | D:3      | Killed Robin
  2462 | D:3      | Reached XP level 5. HP: 34/34 MP: 7/7
  2514 | D:3      | Learned a level 3 spell: Spectral Weapon
  2517 | D:3      | Learned a level 2 spell: Song of Slaying
  2560 | D:3      | Found a deep blue altar of Sif Muna.
  2560 | D:3      | Found an opulent altar of Gozag.
  2561 | D:3      | Found a hide-covered altar of Uskayaw.
  2567 | D:3      | Became a worshipper of Uskayaw the Reveler
  2610 | D:3      | Reached * piety under Uskayaw
  2933 | D:4      | Noticed htuhola's ghost (amateur FeBe)
  2944 | D:4      | Reached ** piety under Uskayaw
  3539 | D:3      | Reached skill level 5 in Short Blades
  3541 | D:3      | Reached *** piety under Uskayaw
  3542 | D:3      | Reached skill level 1 in Hexes
  3542 | D:3      | Reached XP level 6. HP: 17/39 MP: 0/8
  4036 | D:4      | Found an ancient bone altar of Kikubaaqudgha.
  4038 | D:4      | Found a transporter.
  4038 | D:4      | Noticed Menkaure
  4040 | D:4      | Found a transporter.
  4471 | D:4      | Found a basalt altar of Yredelemnul.
  4667 | D:5      | Entered Level 5 of the Dungeon
  4892 | D:5      | Found an ornate altar of the Wu Jian Council.
  5069 | D:5      | Noticed a sky beast
  5121 | D:5      | Found a burning altar of Makhleb.
  5160 | D:5      | Noticed a hippogriff
  5170 | D:4      | Reached XP level 7. HP: 39/44 MP: 3/9
  5266 | D:5      | Found a radiant altar of Vehumet.
  5333 | D:5      | Reached skill level 6 in Short Blades
  5518 | D:5      | Noticed Duvessa
  5518 | D:5      | Noticed Dowan
  5531 | D:5      | Killed Duvessa
  5531 | D:5      | Reached skill level 5 in Charms
  5542 | D:5      | Killed Dowan
  5606 | D:5      | Found Qocvewu's Book Emporium.
  5623 | D:5      | Noticed Edmund
  5648 | D:5      | Killed Edmund
  5648 | D:5      | Reached skill level 7 in Short Blades
  5648 | D:5      | Reached XP level 8. HP: 31/49 MP: 10/10
  6541 | D:6      | Found a white marble altar of Elyvilon.
  6585 | D:5      | Reached skill level 5 in Stealth
  6585 | D:5      | HP: 1/49 [wight/trident (2)]
  6585 | D:5      | Slain by a wight

Skill      XL: |  1  2  3  4  5  6  7  8 |
---------------+-------------------------+-----
Short Blades   | 3 4 5 7 |  7.8
Stealth        | 1 2 3 4 5 |  5.0
Charms         | 4 5 |  5.8
Hexes          | 1 2 |  2.0
Fighting       | |  1.7
Armour         | |  1.1
Dodging        | |  2.1
Spellcasting   | |  1.5

Action                   |  1- 3 |  4- 6 |  7- 9 || total
-------------------------+-------+-------+-------++-------
Melee: Short sword       |    83 |   225 |       ||   308
       Dagger            |       |    33 |   110 ||   143
Throw: Stone             |    36 |    29 |     1 ||    66
 Cast: Infusion          |    11 |    22 |     4 ||    37
       Song of Slaying   |       |     8 |     1 ||     9
       Spectral Weapon   |       |       |     1 ||     1
  Use: Scroll            |       |     4 |     1 ||     5
       Potion            |       |     2 |     5 ||     7
 Stab: Sleeping          |       |     2 |     1 ||     3
       Paralysed         |       |     2 |     1 ||     3
       Distracted        |       |       |     1 ||     1
  Eat: Chunk             |     2 |    13 |     4 ||    19
Armor: Leather armour    |    20 |    46 |    17 ||    83
Dodge: Dodged            |    48 |   158 |    50 ||   256
